 Dungeon Crawl Stone Soup version 0.27-a0-965-gbf8bb431c4 (webtiles) character file.

Game seed: 10680750149860985098

306 leviel the Magician (level 6, -2/40 HPs)
             Began as a Djinni Ice Elementalist on Apr 12, 2021.
             Slain by a hobgoblin (3 damage)
             ... on level 4 of the Dungeon.
             The game lasted 00:10:22 (5113 turns).

leviel the Magician (Djinni Ice Elementalist)       Turns: 5113, Time: 00:10:23

Health: -2/40      AC:  2    Str:  7    XL:     6   Next: 39%
Gold:   291        EV: 13    Int: 19    God:
                   SH:  0    Dex: 13

rFire    + + .     SeeInvis .   i - staff of poison
rCold    x . .     Faith    .   (no shield)
rNeg     . . .     Spirit   .   a - +0 robe
rPois    ∞         Reflect  .   (helmet currently unavailable)
rElec    .         Harm     .   (no cloak)
rCorr    .         Rampage  .   (no gloves)
Will     .....                  (boots unavailable)
Stlth    ++........             (no amulet)
HPRegen  0.13/turn              (no ring)
MPRegen  0.00/turn              (no ring)

@: appendages, flying
A: horns 2, flying, fire resistance 2, cold vulnerability 1, float, innate
caster, hp casting, extra vitality 1
a: End Transformation


You were on level 4 of the Dungeon.
You had temporarily grown beastly horns.
You visited 1 branch of the dungeon, and saw 4 of its levels.

You collected 291 gold pieces.

Inventory:

Armour
 a - a +0 robe (worn)
Magical Staves
 i - a staff of poison (weapon)
Wands
 b - a wand of flame (2)
Scrolls
 e - a scroll of noise
Potions
 g - a potion of resistance


   Skills:
 - Level 0.3 Fighting
 * Level 4.2 Dodging
 + Level 2.8 Stealth
 + Level 5.2 Spellcasting


You couldn't memorise any spells.
You knew the following spells:

 Your Spells              Type           Power      Damage    Failure   Level
a - Freeze                Ice            96%        1d11      1%          1
b - Frozen Ramparts       Ice            48%        1d6       4%          3
c - Ozocubu's Armour      Ice            24%        N/A       4%          3
d - Hailstorm             Conj/Ice       24%        3d7       14%         4
e - Metabolic Englaciati  Hex/Ice        12%        N/A       36%         5
f - Beastly Appendage     Tmut           48%        N/A       1%          1
g - Poisonous Vapours     Pois/Air       74%        N/A       2%          2
Your spell library was empty.

Dungeon Overview and Level Annotations

Branches:
Dungeon (4/15)
 Temple: D:4-7

Altars:
Cheibriados
Gozag
Okawaru
Xom
Yredelemnul
The Shining One


Innate Abilities, Weirdness & Mutations

You have temporarily grown beastly horns.
You are flying.
You are immune to poison.
Your flesh is very heat resistant. (rF++)
You are vulnerable to cold. (rC-)
You float through the air rather than walking.
You learn spells naturally, not from books.
Your magical power is your life essence.
You have superior vitality. (+4 HP)


Message History

* * * LOW HITPOINT WARNING * * *
You start resting.
A ball python comes into view.
A ball python is nearby!
You start resting.
A hobgoblin comes into view.
You are too injured to fight recklessly!
Casting: Freeze (safe; 1% risk of failure)
Confirm with . or Enter, or press ? or * to list all spells.
You grow a pair of large bovine horns.
The hobgoblin shouts!
* * * LOW HITPOINT WARNING * * *
Casting: Beastly Appendage (safe; 1% risk of failure)
Confirm with . or Enter, or press ? or * to list all spells.
Okay, then.
Casting: Beastly Appendage (safe; 1% risk of failure)
Confirm with . or Enter, or press ? or * to list all spells.
Aiming: Poisonous Vapours (safe; 2% risk of failure)
Press: ? - help, Dir - move target, f - hobgoblin
Aim: a hobgoblin You feel a surge of power!
Poisonous vapours surround the hobgoblin!
* * * LOW HITPOINT WARNING * * *
The hobgoblin is engulfed in poison gas.
The hobgoblin is poisoned.
You closely miss the hobgoblin.
You headbutt the hobgoblin, but do no damage.
The hobgoblin is severely wounded.
The hobgoblin hits you.
* * * LOW HITPOINT WARNING * * *
A hobgoblin comes into view.
Casting: Poisonous Vapours (safe; 2% risk of failure)
Confirm with . or Enter, or press ? or * to list all spells.
You don't have enough health to cast this spell.
Unknown command.
As you read the scroll labelled WATWUAF FYBU, it crumbles to dust.
It is a scroll of enchant weapon.
You aren't carrying any weapons that can be enchanted.
The hobgoblin hits you.
You die...

#,#..#...##.#...##..#
#.#####.##..#..[##..#
#.'...#'#...#÷...#..#
*,*#........#'...#..#
*,*##........###.#..#
*,*,#.........####..#
,,#.'#...⌠[...)..'..#
,,#.#.....§...####..#
,,###.....S..###@#.†#
,,*#........#g°g.#..#
,,'...#'#...#....#.##
,.#####.##..#..)##.#
,,*,,*...##.#...##.#
,,**,g,,,,#.#.####.#
,,********#'###***,*
,,,,,,,,,,..,,,,,,,*
,,,,,,,,,,,,,*******


You could see 2 hobgoblins.

Vanquished Creatures
  A phantom (D:4)
  A hound (D:2)
  6 gnolls (D:2)
  A howler monkey skeleton (D:4)
  4 adders
  An ufetubus (D:4)
  4 dart slugs
  3 orcs
  5 endoplasms
  5 giant cockroaches
  9 goblins
  11 hobgoblins
  3 jackals (D:1)
  10 kobolds
  2 quokkas
  4 ball pythons
  11 bats
  2 frilled lizards (D:1)
  3 rats (D:3)
86 creatures vanquished.

Vanquished Creatures (others)
  5 fungi (D:2)
  A plant (D:4)
  4 toadstools (D:2)
10 creatures vanquished.

Grand Total: 96 creatures vanquished

Notes
Turn   | Place    | Note
-------+----------+-------------------------------------------
     0 | D:1      | leviel the Djinni Ice Elementalist began the quest for the
                  | Orb.
     0 | D:1      | Reached XP level 1. HP: 15/15 MP: 0/0
   171 | D:1      | Reached XP level 2. HP: 10/21 MP: 0/0
   356 | D:1      | Reached skill level 4 in Spellcasting
  1020 | D:1      | Reached XP level 3. HP: 20/25 MP: 0/0
  1020 | D:1      | Learned a level 1 spell: Beastly Appendage
  1501 | D:2      | Reached XP level 4. HP: 7/31 MP: 0/0
  2572 | D:2      | Found an iron altar of Okawaru.
  2719 | D:2      | Reached XP level 5. HP: 33/35 MP: 0/0
  2719 | D:2      | Learned a level 2 spell: Poisonous Vapours
  2834 | D:2      | Found a faded altar of an unknown god.
  3229 | D:3      | Reached skill level 5 in Spellcasting
  3933 | D:3      | Found a basalt altar of Yredelemnul.
  3935 | D:3      | Found an opulent altar of Gozag.
  3935 | D:3      | Found a snail-covered altar of Cheibriados.
  3937 | D:3      | Found a glowing golden altar of the Shining One.
  3938 | D:3      | Found a shimmering altar of Xom.
  4754 | D:4      | Reached XP level 6. HP: 17/40 MP: 0/0
  5063 | D:4      | HP: 2/40 [goblin/+0 dagger (3)]
  5112 | D:4      | HP: 1/40 [hobgoblin (4)]
  5113 | D:4      | Slain by a hobgoblin

Illustrated notes

Levels and vault maps discovered:
D:1:      elethiomel_arrival_infinity_welcomes_careful_drivers,
          layout_loops_ring
D:2:      layout_basic, hellmonk_ecumenical_altar_prayer_group, basic_altar,
          minmay_gold_behind_fungi, chequers_serial_rivers_micro_a
D:3:      layout_basic, grunt_temple_overflow_open
D:4:      corexii_shack_village, layout_basic, minmay_pentangle

Skill      XL: |  1  2  3  4  5  6 |
---------------+-------------------+-----
Spellcasting   | 4 5 |  5.2
Stealth        | 2 |  2.8
Dodging        | 3 4 |  4.2
Fighting       | |  0.3

Action                   |  1- 3 |  4- 6 || total
-------------------------+-------+-------++-------
Melee: Unarmed           |     9 |     4 ||    13
       Staff             |       |     1 ||     1
       Headbutt          |       |     1 ||     1
 Cast: Freeze            |    38 |    37 ||    75
       Beastly Appendage |     1 |     2 ||     3
       Frozen Ramparts   |       |     3 ||     3
       Ozocubu's Armour  |       |     1 ||     1
       Poisonous Vapours |       |    61 ||    61
Evoke: Wand              |       |    10 ||    10
  Use: Potion            |     1 |     1 ||     2
       Scroll            |       |     5 ||     5
Armor: Robe              |    13 |     7 ||    20
Dodge: Dodged            |    56 |    48 ||   104

Table legend: (Time is in decaauts)
 A = Elapsed time spent in this place.
 B = Non-inter-level travel time spent in this place.
 C = Inter-level travel time spent in this place.
 D = Time resting spent in this place.
 E = Time spent auto-exploring this place.
 F = Levels seen in this place.
 G = Mean time per level.
                   A        B        C        D        E       F      G
               +--------+--------+--------+--------+--------+-----+--------+
         Total |   5111 |   5030 |     81 |   1219 |   3247 |   4 | 1277.8 |
       Dungeon |   5111 |   5030 |     81 |   1219 |   3247 |   4 | 1277.8 |
               +--------+--------+--------+--------+--------+-----+--------+

Top non-repeatable levels by time:
     D:2: 1737 daAuts
     D:1: 1481 daAuts
     D:4: 946 daAuts
     D:3: 945 daAuts
